 Dungeon Crawl Stone Soup version 0.28-a0-29-g0adfcbbeba (webtiles) character file.

Game seed: 6727783634451715008

87 GenialerGandalf the Chopper (level 4, -1/40 HPs)
             Began as a Hill Orc Fighter on July 26, 2021.
             Slain by a howler monkey skeleton (3 damage)
             ... on level 5 of the Dungeon on July 27, 2021.
             The game lasted 00:07:47 (2614 turns).

GenialerGandalf the Chopper (Hill Orc Fighter)      Turns: 2614, Time: 00:07:48

Health: -1/40      AC:  3    Str: 19    XL:     4   Next: 51%
Magic:  4/4        EV:  3    Int:  8    God:
Gold:   171        SH: 13    Dex: 10    Spells: 3/3 levels left

rFire   + . .      SeeInvis .   a - +0 war axe
rCold   x . .      Faith    .   k - +0 tower shield
rNeg    . . .      Spirit   .   f - +0 chain mail
rPois   .          Reflect  .   (no helmet)
rElec   .          Harm     .   (no cloak)
rCorr   .          Rampage  .   e - +1 pair of gloves
Will    .....                   (no boots)
Stlth   ..........              (no amulet)
HPRegen 0.13/turn               i - ring of fire
MPRegen 0.09/turn               (no ring)

@: corroded
A: no striking features
a: no special abilities


You were on level 5 of the Dungeon.
You visited 1 branch of the dungeon, and saw 4 of its levels.

You collected 171 gold pieces.

Inventory:

Hand Weapons
 a - a +0 war axe (weapon)
Armour
 b - a +0 scale mail
 c - a +0 kite shield
 e - a +1 pair of gloves (worn)
 f - a +0 chain mail (worn)
 k - a +0 tower shield (worn)
 l - a +3 leather armour
Jewellery
 i - a ring of fire (left hand)
Scrolls
 j - a scroll of identify {unknown}
Potions
 d - 3 potions of might
 g - a potion of curing {unknown}
 h - a potion of lignification {unknown}
 m - a potion of mutation {unknown}


   Skills:
 + Level 4.0 Fighting
 + Level 4.5 Axes
 + Level 3.8 Armour
 + Level 0.5 Dodging
 + Level 3.7 Shields


You had 3 spell levels left.
You didn't know any spells.
Your spell library was empty.

Dungeon Overview and Level Annotations

Branches:
Dungeon (3/15)

Altars:
Elyvilon
Sif Muna


Message History

You hit the iguana.
The iguana is lightly wounded.
The iguana bites you but does no damage. x2
You hit the iguana.
The iguana is lightly wounded.
The iguana hisses menacingly.
The iguana bites you. You block the iguana's attack.
You slash the iguana!
The iguana is heavily wounded.
You block the iguana's attack.
The iguana bites you but does no damage.
You closely miss the iguana.
The iguana is heavily wounded.
You block the iguana's attack.
You slash the iguana!
You kill the iguana!
You see here an iguana corpse.
A howler monkey skeleton comes into view.
A jelly comes into view.
The jelly hits you but does no damage.
You hit the jelly. The acid corrodes you!
Your hands burn!
The jelly is lightly wounded.
You slash the howler monkey skeleton! The jelly hits you.
The acid corrodes you!
You are splashed with acid!
The howler monkey skeleton hits you.
You block the howler monkey skeleton's attack.
The jelly barely misses you.
You slash the jelly!
Your hands burn!
The jelly is heavily wounded.
You hit the howler monkey skeleton. You block the jelly's attack.
The howler monkey skeleton hits you.
You hit the jelly.
Your hands burn!
The jelly is severely wounded.
Your shield prevents you from hitting the howler monkey skeleton.
The jelly hits you.
* * * LOW HITPOINT WARNING * * *
You are splashed with acid!
* * * LOW HITPOINT WARNING * * *
The howler monkey skeleton hits you.
You die...

#.###.# #.# #..
#.# ### #.###
#...#
###.####### ###
###........
.....#..........
#...J@Z.......
###.......####
#..#.##.# #..#.#
.# #....# .#
#..#.# #....#
#.....


You could see a jelly and a howler monkey skeleton.

Vanquished Creatures
  An iguana (D:5)
  2 adders
  A dart slug (D:2)
  An orc (D:3)
  7 endoplasms
  2 giant cockroaches (D:1)
  3 hobgoblins
  5 jackals (D:1)
  3 quokkas (D:1)
  2 ball pythons
  3 bats (D:2)
  2 kobolds (D:3)
  7 rats
39 creatures vanquished.

Vanquished Creatures (others)
  35 plants (D:1)
35 creatures vanquished.

Grand Total: 74 creatures vanquished

Notes
Turn   | Place    | Note
-------+----------+-------------------------------------------
     0 | D:1      | GenialerGandalf the Hill Orc Fighter began the quest for
                  | the Orb.
     0 | D:1      | Reached XP level 1. HP: 19/19 MP: 1/1
   311 | D:1      | Reached XP level 2. HP: 23/27 MP: 2/2
  1052 | D:1      | Upgraded the game from 0.28-a0-20-gdd470a43dd to
                  | 0.28-a0-29-g0adfcbbeba
  1127 | D:2      | Reached XP level 3. HP: 33/33 MP: 3/3
  1263 | D:2      | Found a faded altar of an unknown god.
  2429 | D:3      | Reached XP level 4. HP: 40/40 MP: 4/4
  2545 | D:3      | Found a shimmering blue altar of Sif Muna.
  2550 | D:3      | Found a white marble altar of Elyvilon.
  2587 | D:3      | You fall into a shaft and drop 2 floors!
  2587 | D:5      | Entered Level 5 of the Dungeon
  2614 | D:5      | HP: 2/40 [acid (9)]
  2614 | D:5      | Slain by a howler monkey skeleton

Illustrated notes

Levels and vault maps discovered:
D:1:      denvon_arrival_planthouse, layout_rooms, minmay_crystal_room,
          serial_bayou_pond_a
D:2:      layout_basic, hellmonk_ecumenical_altar_slurped_away,
          minmay_misc_feat_x, minmay_heptomino_d4
D:3:      layout_rooms, grunt_temple_overflow_open
D:5:      layout_loops_cross, mainiacjoe_overflow_catwalk_spiral,
          minmay_temple_entry_slanted, chequers_ossuary_entry_cave,
          mrwooster_statue_mirror, minivault_27

Skill      XL: |  1  2  3 |
---------------+----------+-----
Axes           | 3 4 |  4.5
Fighting       | 4 |  4.0
Armour         | |  3.8
Dodging        | |  0.5
Shields        | |  3.7

Action                   |  1- 3 |  4- 6 || total
-------------------------+-------+-------++-------
Melee: War axe           |   171 |     8 ||   179
Armor: Scale mail        |    21 |       ||    21
       Chain mail        |    45 |     4 ||    49
Dodge: Dodged            |    22 |     1 ||    23
Block: Kite shield       |    39 |       ||    39
       Tower shield      |    33 |     6 ||    39

Table legend: (Time is in decaauts)
 A = Elapsed time spent in this place.
 B = Non-inter-level travel time spent in this place.
 C = Inter-level travel time spent in this place.
 D = Time resting spent in this place.
 E = Time spent auto-exploring this place.
 F = Levels seen in this place.
 G = Mean time per level.
                   A        B        C        D        E       F      G
               +--------+--------+--------+--------+--------+-----+--------+
         Total |   2731 |   2671 |     60 |    761 |    753 |   4 |  682.8 |
       Dungeon |   2731 |   2671 |     60 |    761 |    753 |   4 |  682.8 |
               +--------+--------+--------+--------+--------+-----+--------+

Top non-repeatable levels by time:
     D:1: 1152 daAuts
     D:2: 1049 daAuts
     D:3: 497 daAuts
     D:5: 31 daAuts
